 Dungeon Crawl Stone Soup version 0.27.1 (webtiles) character file.

Game seed: 13697158045223977630

1577 ZARRMARR the Skirmisher (level 8, -11/61 HPs)
             Began as an Octopode Transmuter on Sept 4, 2021.
             Mangled by Duvessa (12 damage)
             ... on level 6 of the Dungeon.
             The game lasted 00:26:19 (6742 turns).

ZARRMARR the Skirmisher (Octopode Transmuter)       Turns: 6742, Time: 00:26:20

Health: -11/61     AC:  5    Str:  9    XL:     8   Next: 91%
Magic:  0/11       EV: 16    Int: 17    God:
Gold:   118        SH:  0    Dex: 13    Spells: 10/11 levels left

rFire    . . .     SeeInvis .     - Unarmed
rCold    . . .     Faith    .   (no shield)
rNeg     + . .     Spirit   +   (helmet currently unavailable)
rPois    .         Reflect  .   x - amulet of guardian spirit
rElec    .         Harm     .   d - ring of positive energy
rCorr    .         Rampage  .   j - +4 ring of protection
Will     .....                  (no ring)
Stlth    ++........             (no ring)
HPRegen  0.20/turn              (no ring)
MPRegen  0.12/turn              (no ring)
                                (no ring)
                                (no ring)

@: mighty, appendages
A: tentacle spike 3, almost no armour, amphibious, 8 rings, camouflage 1,
gelatinous body 1, (nimble swimmer 1), tentacles
a: End Transformation


You were on level 6 of the Dungeon.
One of your tentacles had grown a beastly spike.
You visited 1 branch of the dungeon, and saw 6 of its levels.
You also visited: Sewer.

You collected 327 gold pieces.
You spent 209 gold pieces at shops.

Inventory:

Missiles
 f - 11 boomerangs (quivered)
 l - 22 poisoned darts
Jewellery
 d - a ring of positive energy (left tentacle)
 j - a +4 ring of protection (right tentacle)
 x - an amulet of guardian spirit (around mantle)
Wands
 c - a wand of paralysis (1)
 r - a wand of polymorph (10)
Scrolls
 e - a scroll of fear
 h - a scroll of enchant armour {unknown}
 k - a scroll of acquirement {unknown}
 n - 2 scrolls of fog
 p - 3 scrolls of teleportation
 q - a scroll of amnesia {unknown}
 u - a scroll of vulnerability {unknown}
 v - 3 scrolls of torment {unknown}
Potions
 a - a potion of attraction
 b - a potion of cancellation {unknown}
 g - 2 potions of curing
 i - a potion of flight {unknown}
 m - a potion of magic
 o - 2 potions of haste {unknown}
 s - 2 potions of degeneration {unknown}
 t - 2 potions of might
 z - 2 potions of mutation {unknown}


   Skills:
 + Level 7.9 Fighting
 + Level 7.8 Dodging
 - Level 3.0 Unarmed Combat
 - Level 2.0 Spellcasting
 - Level 2.0 Transmutations


You had 10 spell levels left.
You knew the following spells:

 Your Spells              Type           Power      Damage    Failure   Level
a - Beastly Appendage     Tmut           16%        N/A       9%          1

Your spell library contained the following spells:

 Spells                   Type           Power      Damage    Failure   Level
 Wereblood                Tmut           8%         N/A       13%         2
 Foxfire                  Conj/Fire      4%         2x1d4     19%         1
 Slow                     Hex            1%         N/A       28%         2
 Spider Form              Tmut/Pois      2%         N/A       36%         3
 Confusing Touch          Hex            1%         N/A       50%         3
 Conjure Flame            Conj/Fire      1%         6-21      50%         3
 Frozen Ramparts          Ice            2%         1d2       50%         3
 Inner Flame              Hex/Fire       1%         N/A       50%         3
 Vampiric Draining        Necr           0%         2d6       50%         3
 Ice Form                 Ice/Tmut       5%         N/A       77%         4
 Summon Ice Beast         Ice/Summ       1%         N/A       88%         4


Dungeon Overview and Level Annotations

Branches:
Dungeon (6/15)             Temple (0/1) D:6           Sewer (visited)

Altars:

Shops:
D:3 (***

Annotations:
D:6 Duvessa


Innate Abilities, Weirdness & Mutations

One of your tentacles has grown a beastly spike.
You cannot wear most types of armour.
You are amphibious.
You can wear up to eight rings at the same time.
Your skin changes colour to match your surroundings (Stealth+).
Your rubbery body absorbs attacks. (AC +1, EV +1)
((You are camouflaged near water. (Stealth+)))
You have tentacles for arms and can constrict up to eight enemies at once.


Message History

Duvessa barely misses you.
You tentacle-slap Duvessa but do no damage.
You pierce Duvessa.
Duvessa is lightly wounded.
You constrict Duvessa. Duvessa closely misses you.
Duvessa hits you with a +0 short sword!
You completely miss Duvessa.
Duvessa is moderately wounded.
You constrict Duvessa. Duvessa completely misses you.
You tentacle-slap Duvessa but do no damage.
You pierce Duvessa, but do no damage.
Duvessa is moderately wounded.
Your tentacle spike disappears.
You constrict Duvessa. Duvessa hits you with a +0 short sword!
Duvessa barely misses you.
Casting: Beastly Appendage (safe; 9% risk of failure)
Confirm with . or Enter, or press ? or * to list all spells.
One of your tentacles grows a vicious spike.
You constrict Duvessa, but do no damage.
Duvessa hits you with a +0 short sword!!
* * * LOW HITPOINT WARNING * * *
Okay, then.
Unknown command.
You tentacle-slap Duvessa but do no damage.
You pierce Duvessa, but do no damage.
You squeeze Duvessa.
Duvessa is moderately wounded.
You constrict Duvessa. Duvessa hits you with a +0 short sword!
* * * LOW HITPOINT WARNING * * *
Duvessa misses you.
It was a potion of might.
You feel very mighty all of a sudden.
You constrict Duvessa. Duvessa hits you with a +0 short sword!
* * * LOW HITPOINT WARNING * * *
You bludgeon Duvessa! You squeeze Duvessa!
Duvessa is almost dead.
You constrict Duvessa, but do no damage.
Duvessa hits you with a +0 short sword.
* * * LOW HITPOINT WARNING * * *
Duvessa hits you with a +0 short sword!
You die...

#..........)).#
######.#####..#
#.#####.##
####.....<.#
#.....####.##
#.....###...# #
....?.>.......#.#..!
#.#.......###.........
#.......# ##@##.###
#..####.. #)e....?..
#.. ##:.$..###.### #..
#.>...# .# #$.)...
###..## ##. #.


You could see Duvessa (berserk).

Vanquished Creatures
  Grinder (D:3)
  Sigmund (D:3)
  Eustachio (D:5)
  Purgy (Sewer)
  An orc warrior (D:5)
  An ogre (D:5)
  A kobold brigand (D:6)
  3 scorpions
  Dowan (D:6)
  A water moccasin skeleton (D:5)
  A howler monkey (D:5)
  A bullfrog skeleton (D:5)
  An orc priest (D:4)
  Crazy Yiuf (D:3)
  Terence (D:3)
  Natasha (thrice) (D:2)
  An iguana (D:4)
  An orc wizard (D:4)
  A hound zombie (D:5)
  A hound skeleton (D:4)
  7 adders
  2 howler monkey skeletons (D:5)
  2 adder skeletons
  3 dart slugs
  8 orcs
  4 bats
  9 endoplasms
  9 giant cockroaches
  3 hobgoblins
  9 jackals
  2 quokkas
  3 ball pythons
  3 frilled lizards
  2 goblins
  7 kobolds
  2 rats
99 creatures vanquished.

Vanquished Creatures (others)
  A fungus (D:3)
1 creature vanquished.

Grand Total: 100 creatures vanquished

Notes
Turn   | Place    | Note
-------+----------+-------------------------------------------
     0 | D:1      | ZARRMARR the Octopode Transmuter began the quest for the
                  | Orb.
     0 | D:1      | Reached XP level 1. HP: 13/13 MP: 3/3
   221 | D:1      | Reached XP level 2. HP: 15/19 MP: 3/5
  1152 | D:1      | Reached XP level 3. HP: 25/25 MP: 4/6
  1817 | D:2      | Noticed Natasha
  1834 | D:2      | Killed Natasha
  1835 | D:2      | Reached XP level 4. HP: 18/31 MP: 5/7
  1975 | D:2      | Noticed Natasha
  1986 | D:2      | Killed Natasha
  2073 | D:2      | Noticed Natasha
  2080 | D:2      | Killed Natasha
  2081 | D:2      | Reached XP level 5. HP: 20/36 MP: 6/8
  2586 | D:3      | Noticed Sigmund
  2826 | D:3      | Noticed Grinder
  2830 | D:3      | Noticed Terence
  2844 | D:3      | Killed Terence
  3006 | D:3      | Found Dufaqynt's Assorted Antiques.
  3045 | D:3      | Bought a scroll of blinking for 187 gold pieces
  3108 | D:3      | Killed Sigmund
  3109 | D:3      | Reached XP level 6. HP: 44/44 MP: 9/9
  3179 | D:3      | Found Diomom's Antique Weapon Boutique.
  3192 | D:3      | Paralysed by Grinder for 5 turns
  3200 | D:3      | Killed Grinder
  3201 | D:3      | Reached skill level 5 in Fighting
  3201 | D:3      | Reached skill level 5 in Dodging
  3201 | D:3      | Reached XP level 7. HP: 43/50 MP: 8/10
  3417 | D:3      | Found Jirhaphoxtu's General Store.
  3477 | D:3      | Found a runed translucent door.
  3478 | D:3      | Noticed Crazy Yiuf
  3492 | D:3      | Killed Crazy Yiuf
  3851 | D:3      | Found Puskudol's Assorted Antiques.
  4013 | D:3      | Found a faded altar of an unknown god.
  4092 | D:3      | Bought a scroll of fog for 22 gold pieces
  4482 | D:5      | Entered Level 5 of the Dungeon
  4648 | D:5      | Found a glowing drain.
  4827 | Sewer    | Entered a sewer
  4962 | Sewer    | Noticed Purgy
  4989 | Sewer    | Killed Purgy
  4990 | Sewer    | Reached XP level 8. HP: 14/58 MP: 3/11
  5332 | D:5      | Noticed Eustachio
  5363 | D:5      | Killed Eustachio
  6626 | D:6      | Noticed Dowan
  6701 | D:6      | Noticed a wyvern
  6712 | D:6      | Found a staircase to the Ecumenical Temple.
  6712 | D:6      | Noticed Duvessa
  6734 | D:6      | Killed Dowan
  6742 | D:6      | HP: 1/61 [Duvessa (3)]
  6742 | D:6      | Mangled by Duvessa

Illustrated notes

Levels and vault maps discovered:
D:1:      dpeg_arrival_prison, layout_loops_ring,
          chequers_serial_rivers_micro_b, chequers_serial_rivers_micro_e,
          minmay_pentomino_t2
D:2:      layout_rooms, grunt_decor_fettered, uniq_natasha
D:3:      wander_river, layout_loops_ring, dreamdust_ecumenical_altar_grove,
          serial_shops, nicolae_shop_statue_plus, shop, shop_coins,
          nicolae_shop_waterfront, hangedman_decor_slide_cut,
          uniq_crazy_yiuf_cottage, uniq_sigmund, uniq_terence, uniq_grinder
D:4:      layout_gridville, guppyfry_early_orc_mine
D:5:      layout_rooms, gup_sewer_entry_glass, minmay_misc_feat_pillars,
          minmay_misc_feat_more_columns, minmay_misc_feat_doors,
          minmay_stone_trees_medium, uniq_eustachio
D:6:      layout_loops_cross, minmay_temple_entry_offerings,
          nicolae_shop_gadgets, uniq_duvessa

Skill      XL: |  1  2  3  4  5  6  7  8 |
---------------+-------------------------+-----
Fighting       | 2 3 4 5 6 7 |  7.9
Dodging        | 3 4 5 6 7 |  7.8
Unarmed Combat | |  3.0
Spellcasting   | |  2.0
Transmutations | |  2.0

Action                   |  1- 3 |  4- 6 |  7- 9 || total
-------------------------+-------+-------+-------++-------
Melee: Unarmed           |    89 |    56 |   217 ||   362
       Constrict         |    20 |     9 |    50 ||    79
       Kick              |    17 |    23 |    70 ||   110
       Tentacles         |    13 |     9 |    43 ||    65
       Punch             |     1 |     2 |     6 ||     9
Throw: Dart              |       |     5 |     2 ||     7
       Boomerang         |       |       |    11 ||    11
 Cast: Beastly Appendage |    17 |    14 |    43 ||    74
Evoke: Wand              |       |     2 |     7 ||     9
  Use: Scroll            |     3 |     1 |     3 ||     7
       Potion            |       |       |     4 ||     4
 Stab: Sleeping          |     6 |     3 |     8 ||    17
       Paralysed         |       |    14 |    17 ||    31
Armor: Skin              |    11 |     8 |    67 ||    86
Dodge: Dodged            |    39 |    16 |   137 ||   192
